Ice Dragons vs Royaux
Created - March 8, 2020 at 21:16
Goals
|
| Ice Dragons |
0 |
1 |
1 |
2 |
| Royaux |
0 |
4 |
1 |
5 |
|
Shots
|
| Ice Dragons |
16 |
5 |
9 |
30 |
| Royaux |
13 |
17 |
7 |
37 |
|
1st period
No Goal
Penalties :
Logan MacMillan (Kin) for Goalie Interference (Minor) at 2:39, Mike Reilly (Kin) for Holding Stick (Minor) at 17:34
2nd period
1. Royaux , Haydn Fleury 1 (Marko Dano 56, Dylan Larkin 33) at 2:44
2. Ice Dragons , Billy Sweat 16 (Brian Boyle 42) at 8:38 (SH)
3. Royaux , Simon Despres 6 (Dylan Larkin 34, Marcus Pettersson 12) at 9:52 (PP)
4. Royaux , Marko Dano 26 (Simon Despres 23, Haydn Fleury 9) at 12:22
5. Royaux , Nathan Gerbe 16 (Ben Hanowski 26) at 16:19
Penalties :
Nathan Gerbe (Cap) for Roughing (Minor) at 4:26, Brandon Kozun (Kin) for Hooking (Minor) at 8:26, Nathan Gerbe (Cap) for High sticking (Minor) at 19:29
3rd period
6. Royaux , Sonny Milano 10 (Rourke Chartier 9, Nicholas Baptiste 6) at 7:13
7. Ice Dragons , Brian Boyle 29 (Brandon Kozun 22, Boone Jenner 38) at 13:32 (PP)
Penalties :
Nicholas Baptiste (Cap) for Tripping (Minor) at 4:35, Justin Shugg (Kin) for Hooking (Minor) at 9:54, Simon Despres (Cap) for Hooking (Minor) at 13:15, Marcus Pettersson (Cap) for Hooking (Minor) at 14:21
Goalie Stats
Harru Sateri (Kin), 32 saves from 37 shots - (0.865), L, 24-15-5, 60:00 minutes
Olivier Roy (Cap), 28 saves from 30 shots - (0.933), W, 23-11-1, 60:00 minutes
Players Stats for Ice Dragons
Player Name G A P +/- PIM S H SB GA TA FO MP PP MP PK MP
------------------------------------------------------------------------------------
Adam Clendening 0 0 0 -1 0 0 0 1 0 0 0/0 11:49 0:00 0:00
Billy Sweat 1 0 1 -1 0 2 3 0 0 0 0/2 21:21 3:41 3:58
Boone Jenner 0 1 1 -1 0 8 3 1 0 1 5/5 16:11 4:23 0:18
Brandon Kozun 0 1 1 -3 2 1 1 0 0 0 2/2 17:57 4:06 0:00
Brayden McNabb 0 0 0 -2 0 2 1 2 4 3 0/0 28:30 5:17 4:59
Brian Boyle 1 1 2 -2 0 3 0 2 0 0 24/36 21:10 4:06 3:10
Chris Wagner 0 0 0 0 0 0 0 0 0 0 1/1 10:57 0:00 0:00
Corban Knight 0 0 0 -1 0 3 1 1 0 0 8/14 18:24 3:50 3:08
Emil Pettersson 0 0 0 0 0 1 0 0 0 0 0/0 9:48 0:00 1:31
Justin Shugg 0 0 0 -1 2 0 0 0 0 0 0/0 10:51 0:00 0:00
Kevin Connauton 0 0 0 -2 0 1 1 1 2 1 0/0 28:13 5:17 4:42
Logan MacMillan 0 0 0 -1 2 2 0 0 0 0 0/1 16:45 3:50 1:33
Michael Ferland 0 0 0 0 0 0 2 1 0 0 0/0 9:35 0:17 1:08
Mike Reilly 0 0 0 0 2 2 0 0 1 0 0/0 18:53 2:56 1:37
Robin Norell 0 0 0 -1 0 1 0 2 0 0 0/0 12:38 0:00 0:47
Sam Carrick 0 0 0 0 0 1 0 0 2 0 4/5 8:10 0:00 0:00
Samuel Groulx 0 0 0 0 0 1 1 0 2 0 0/0 19:58 2:56 2:41
William Carrier 0 0 0 0 0 2 1 0 0 0 0/1 11:23 0:26 0:00
Players Stats for Royaux
Player Name G A P +/- PIM S H SB GA TA FO MP PP MP PK MP
------------------------------------------------------------------------------------
Anton Slepyshev 0 0 0 0 0 4 3 0 0 0 0/0 12:31 3:49 0:00
Ben Hanowski 0 1 1 1 0 2 1 0 0 0 0/1 17:02 2:20 2:02
Brandon Pirri 0 0 0 0 0 1 1 1 1 2 1/3 12:38 1:49 1:20
Brendan Woods 0 0 0 0 0 0 1 0 0 0 6/18 13:53 0:10 5:09
Danny Kristo 0 0 0 1 0 1 1 0 1 0 0/1 21:45 3:25 4:58
Dylan Larkin 0 2 2 2 0 4 1 0 0 0 5/17 17:16 3:49 0:00
Gord Baldwin 0 0 0 1 0 1 1 4 0 3 0/0 22:17 3:28 4:48
Haydn Fleury 1 1 2 2 0 3 0 0 0 2 0/0 23:44 1:04 4:34
Ian McCoshen 0 0 0 0 0 0 0 1 0 2 0/0 6:31 0:00 0:00
Marcus Pettersson 0 1 1 0 2 0 0 0 0 0 0/0 14:58 2:51 0:00
Marko Dano 1 1 2 1 0 2 0 0 0 1 3/7 18:54 3:31 2:02
Mirco Mueller 0 0 0 1 0 0 0 0 0 0 0/0 10:28 0:00 3:25
Nathan Gerbe 1 0 1 1 4 5 4 0 0 0 7/15 13:52 0:12 0:00
Nicholas Baptiste 0 1 1 1 2 1 1 0 1 0 0/0 8:53 0:00 0:00
Petter Granberg 0 0 0 1 0 0 0 0 0 0 0/0 6:39 0:00 0:00
Phil Oreskovic 0 0 0 0 0 0 1 0 0 0 0/0 14:29 3:28 3:25
Rourke Chartier 0 1 1 1 0 2 1 0 1 0 1/5 8:52 0:00 0:00
Simon Despres 1 1 2 1 2 5 2 2 0 0 0/0 20:57 3:55 0:14
Sonny Milano 1 0 1 1 0 2 1 0 1 0 0/0 8:52 0:00 0:00
Teuvo Teravainen 0 0 0 0 0 4 1 0 0 1 0/0 17:11 3:04 0:55
3 Stars
1 - Haydn Fleury (Cap)
2 - Marko Dano (Cap)
3 - Simon Despres (Cap)
Power Play
Ice Dragons - 1 on 5 Attempt(s) - 20.00%
Royaux - 1 on 4 Attempt(s) - 25.00%
Penalty Kill
Ice Dragons - 3 on 4 Attempt(s) - 75.00%
- Score 1 goal in Penalty Kill
Royaux - 4 on 5 Attempt(s) - 80.00%
- Score 0 goal in Penalty Kill
Team Stat
Ice Dragons - Hits : 14 - Faceoff Wins : 44 - Blocked Shots : 11 - Penalty Minutes : 8
Royaux - Hits : 20 - Faceoff Wins : 23 - Blocked Shots : 8 - Penalty Minutes : 10
Official
Referees : Unknown
Linesman : Unknown
Game Notes
No Game Note
Finance
Level 1 -- Attendance: 1547 (77.35%) -- Ticket Income $54,145
Level 2 -- Attendance: 703 (70.30%) -- Ticket Income $14,060
Total Attendance: 2250 (75.00%)
Total Ticket Income: $68,205
Other Income: $3,410
Total Income: $71,615
Ice Dragons
5 vs 5 Forward
Center Left Wing Right Wing Time % Phy DF OF
1 Brian Boyle Billy Sweat Brandon Kozun 40 1 2 2
2 Corban Knight Logan MacMillan Justin Shugg 30 1 2 2
3 Boone Jenner William Carrier Chris Wagner 20 1 2 2
4 Sam Carrick Michael Ferland Emil Pettersson 10 1 2 2
5 vs 5 Defense
Defense Defense Time % Phy DF OF
1 Brayden McNabb Kevin Connauton 40 1 2 2
2 Samuel Groulx Mike Reilly 30 1 2 2
3 Adam Clendening Robin Norell 20 1 2 2
4 Brayden McNabb Kevin Connauton 10 1 2 2
PowerPlay Forward
Center Left Wing Right Wing Time % Phy DF OF
1 Brian Boyle Boone Jenner Brandon Kozun 60 1 2 2
2 Corban Knight Logan MacMillan Billy Sweat 40 1 2 2
PowerPlay Defense
Defense Defense Time % Phy DF OF
1 Brayden McNabb Kevin Connauton 60 1 2 2
2 Samuel Groulx Mike Reilly 40 1 2 2
Penalty Kill 4 Players Forward
Center Wing Time % Phy DF OF
1 Brian Boyle Billy Sweat 60 1 4 0
2 Corban Knight Logan MacMillan 40 1 4 0
Penalty Kill 4 Players Defense
Defense Defense Time % Phy DF OF
1 Brayden McNabb Kevin Connauton 60 1 4 0
2 Samuel Groulx Mike Reilly 40 1 4 0
Penalty Kill - 3 Players Forward
Forward Time % Phy DF OF
1 Brian Boyle 60 1 4 0
2 Corban Knight 40 1 4 0
Penalty Kill - 3 Players Defense
Defense Defense Time % Phy DF OF
1 Brayden McNabb Kevin Connauton 60 1 4 0
2 Samuel Groulx Mike Reilly 40 1 4 0
4 vs 4 Forward
Center Wing Time % Phy DF OF
1 Corban Knight Billy Sweat 60 1 2 2
2 Brandon Kozun Logan MacMillan 40 1 2 2
4 vs 4 Defense
Defense Defense Time % Phy DF OF
1 Brayden McNabb Kevin Connauton 60 1 2 2
2 Samuel Groulx Mike Reilly 40 1 2 2
Last Minutes Offensive
Center Left Wing Right Wing Defense Defense
Brian Boyle Corban Knight Boone Jenner Brayden McNabb Kevin Connauton
Last Minutes Defensive
Center Left Wing Right Wing Defense Defense
Brian Boyle Billy Sweat Brandon Kozun Brayden McNabb Kevin Connauton
Goaltenders
Starting : Harru Sateri
Backup : Oscar Dansk
Extra Forwards
Normal : Emil Pettersson, Michael Ferland, William Carrier - PP : William Carrier, Michael Ferland - PK : Emil Pettersson
Extra Defensemen
Normal : Adam Clendening, Robin Norell, Samuel Groulx - PP : Adam Clendening - PK : Robin Norell, Samuel Groulx
Penalty Shots
Boone Jenner, Brandon Kozun, Billy Sweat, Corban Knight, William Carrier
Scratches
Thomas Gobeil (Healthy), Theodor Blueger (Healthy), Jordan LaVallee (Sprained Left Ankle Injury), Alex Henriksson (Healthy), Cole Ully (Healthy)
Alex Plante (Healthy), Juho Lammikko (Healthy)
Royaux
5 vs 5 Forward
Center Left Wing Right Wing Time % Phy DF OF
1 Dylan Larkin Marko Dano Danny Kristo 38 0 2 3
2 Nathan Gerbe Teuvo Teravainen Ben Hanowski 35 0 2 3
3 Brendan Woods Anton Slepyshev Brandon Pirri 17 0 2 3
4 Rourke Chartier Sonny Milano Nicholas Baptiste 10 0 2 3
5 vs 5 Defense
Defense Defense Time % Phy DF OF
1 Simon Despres Haydn Fleury 40 0 3 2
2 Marcus Pettersson Gord Baldwin 30 0 3 2
3 Petter Granberg Mirco Mueller 15 0 3 2
4 Phil Oreskovic Ian McCoshen 15 0 3 2
PowerPlay Forward
Center Left Wing Right Wing Time % Phy DF OF
1 Marko Dano Teuvo Teravainen Danny Kristo 60 0 1 4
2 Dylan Larkin Anton Slepyshev Ben Hanowski 40 0 1 4
PowerPlay Defense
Defense Defense Time % Phy DF OF
1 Simon Despres Marcus Pettersson 60 0 2 3
2 Phil Oreskovic Gord Baldwin 40 0 2 3
Penalty Kill 4 Players Forward
Center Wing Time % Phy DF OF
1 Brendan Woods Danny Kristo 60 0 4 1
2 Marko Dano Ben Hanowski 40 0 4 1
Penalty Kill 4 Players Defense
Defense Defense Time % Phy DF OF
1 Gord Baldwin Haydn Fleury 60 1 2 2
2 Phil Oreskovic Mirco Mueller 40 1 2 2
Penalty Kill - 3 Players Forward
Forward Time % Phy DF OF
1 Brendan Woods 60 0 4 1
2 Danny Kristo 40 0 4 1
Penalty Kill - 3 Players Defense
Defense Defense Time % Phy DF OF
1 Gord Baldwin Haydn Fleury 60 1 2 2
2 Phil Oreskovic Mirco Mueller 40 1 2 2
4 vs 4 Forward
Center Wing Time % Phy DF OF
1 Marko Dano Ben Hanowski 60 0 2 3
2 Dylan Larkin Teuvo Teravainen 40 0 2 3
4 vs 4 Defense
Defense Defense Time % Phy DF OF
1 Gord Baldwin Simon Despres 60 0 3 2
2 Marcus Pettersson Phil Oreskovic 40 0 3 2
Last Minutes Offensive
Center Left Wing Right Wing Defense Defense
Marko Dano Teuvo Teravainen Ben Hanowski Marcus Pettersson Simon Despres
Last Minutes Defensive
Center Left Wing Right Wing Defense Defense
Marko Dano Brendan Woods Danny Kristo Haydn Fleury Phil Oreskovic
Goaltenders
Starting : Olivier Roy
Backup : Igor Shesterkin
Extra Forwards
Normal : Marko Dano, Dylan Larkin, Nathan Gerbe - PP : Nathan Gerbe, Brandon Pirri - PK : Brandon Pirri
Extra Defensemen
Normal : Simon Despres, Marcus Pettersson, Haydn Fleury - PP : Haydn Fleury - PK : Simon Despres, Marcus Pettersson
Penalty Shots
Dylan Larkin, Nathan Gerbe, Rourke Chartier, Sonny Milano, Marko Dano
Scratches
Tobias Rieder (Right Foot Injury), Vladislav Namestnikov (Healthy), Garrett Wilson (Healthy), Tanner Kero (Healthy), Greg McKegg (Healthy)
Konrad Abeltshauser (Healthy), Tomas Hyka (Healthy), Michael Bunting (Healthy), Ryan Mantha (Healthy), Jack Ramsey (Healthy)
Marcus Hogberg (Healthy), Hayden Hawkey (Healthy)
% Time on Ice - Ice Dragons
Lines # - Real PCT - Wanted PCT - Time Play
Normal Forward
1 - 32% - 40% - 14:23
2 - 25% - 30% - 10:54
3 - 25% - 20% - 10:57
4 - 18% - 10% - 8:10
Normal Defense
1 - 38% - 40% - 16:49
2 - 32% - 30% - 14:21
3 - 27% - 20% - 11:49
4 - 3% - 10% - 1:25
PP Forward
1 - 53% - 60% - 4:23
2 - 47% - 40% - 3:50
PP Defense
1 - 64% - 60% - 5:17
2 - 36% - 40% - 2:56
PK Forward
1 - 72% - 60% - 5:20
2 - 28% - 40% - 2:03
PK Defense
1 - 64% - 60% - 4:42
2 - 36% - 40% - 2:41
PK3 Forward
1 - 0% - 60%
2 - 0% - 40%
PK3 Defense
1 - 0% - 60%
2 - 0% - 40%
44 Forward
1 - 0% - 60%
2 - 0% - 40%
44 Defense
1 - 0% - 60%
2 - 0% - 40%
Last Minute Offensive - 0:00
Last Minute Defensive - 0:00
Total
Forward - 60:00
Defense - 60:00
|
% Time on Ice - Royaux
Lines # - Real PCT - Wanted PCT - Time Play
Normal Forward
1 - 31% - 38% - 13:56
2 - 30% - 35% - 13:09
3 - 19% - 17% - 8:27
4 - 20% - 10% - 8:52
Normal Defense
1 - 41% - 40% - 18:06
2 - 30% - 30% - 13:08
3 - 15% - 15% - 6:39
4 - 15% - 15% - 6:31
PP Forward
1 - 48% - 60% - 3:34
2 - 52% - 40% - 3:49
PP Defense
1 - 53% - 60% - 3:55
2 - 47% - 40% - 3:28
PK Forward
1 - 75% - 60% - 6:11
2 - 25% - 40% - 2:02
PK Defense
1 - 58% - 60% - 4:48
2 - 42% - 40% - 3:25
PK3 Forward
1 - 0% - 60%
2 - 0% - 40%
PK3 Defense
1 - 0% - 60%
2 - 0% - 40%
44 Forward
1 - 0% - 60%
2 - 0% - 40%
44 Defense
1 - 0% - 60%
2 - 0% - 40%
Last Minute Offensive - 0:00
Last Minute Defensive - 0:00
Total
Forward - 60:00
Defense - 60:00
|
Play-by-Play
1st period
0:01 of 1st period - Brian Boyle wins face-off versus Dylan Larkin in neutral zone.
0:04 of 1st period - Slapshot by Kevin Connauton.
0:04 of 1st period - Deflect By Brian Boyle.
0:04 of 1st period - Shot Misses the Net.
0:04 of 1st period - Puck is out of play.
0:05 of 1st period - Brandon Kozun wins face-off versus Dylan Larkin in Royaux zone.
0:36 of 1st period - Wrist shot by William Carrier.
0:36 of 1st period - Stopped by Olivier Roy without a rebound.
0:37 of 1st period - Chris Wagner wins face-off versus Nathan Gerbe in Royaux zone.
1:08 of 1st period - Snap shot by Boone Jenner.
1:08 of 1st period - Stopped by Olivier Roy with a rebound.
1:10 of 1st period - Wrist shot by Chris Wagner.
1:10 of 1st period - Shot Hit the Post.
1:12 of 1st period - Wrist shot by Robin Norell.
1:12 of 1st period - Stopped by Olivier Roy with a rebound.
1:14 of 1st period - Backhand shot by Boone Jenner.
1:14 of 1st period - Shot Misses the Net.
2:01 of 1st period - Snap shot by Boone Jenner.
2:01 of 1st period - Stopped by Olivier Roy with a rebound.
2:03 of 1st period - Wrist shot by Samuel Groulx.
2:03 of 1st period - Stopped by Olivier Roy with a rebound.
2:25 of 1st period - Wrist shot by Boone Jenner.
2:25 of 1st period - Stopped by Olivier Roy with a rebound.
2:27 of 1st period - Backhand shot by Mike Reilly.
2:27 of 1st period - Stopped by Olivier Roy with a rebound.
2:29 of 1st period - Wrist shot by Samuel Groulx.
2:29 of 1st period - Deflect By Boone Jenner.
2:29 of 1st period - Stopped by Olivier Roy without a rebound.
2:30 of 1st period - Brendan Woods wins face-off versus Logan MacMillan in Royaux zone.
2:30 of 1st period - Brendan Woods is hit by Brayden McNabb.
2:39 of 1st period - Minor Penalty to Logan MacMillan for Goalie Interference.
2:40 of 1st period - Brian Boyle wins face-off versus Marko Dano in Ice Dragons zone.
3:31 of 1st period - Dylan Larkin is hit by Corban Knight and loses puck.
4:11 of 1st period - Slapshot by Brandon Pirri.
4:11 of 1st period - Shot Misses the Net.
4:13 of 1st period - Snap shot by Brandon Pirri.
4:13 of 1st period - Stopped by Harru Sateri with a rebound.
4:39 of 1st period - Penalty to Logan MacMillan is over, Logan MacMillan is back on ice.
4:45 of 1st period - Snap shot by Billy Sweat.
4:45 of 1st period - Shot Misses the Net.
5:01 of 1st period - Snap shot by Dylan Larkin.
5:01 of 1st period - Shot Misses the Net.
5:03 of 1st period - Snap shot by Brandon Pirri.
5:03 of 1st period - Shot Misses the Net.
5:05 of 1st period - Snap shot by Brandon Pirri.
5:05 of 1st period - Shot Misses the Net.
5:07 of 1st period - Slapshot by Gord Baldwin.
5:07 of 1st period - Deflect By Logan MacMillan.
5:07 of 1st period - Stopped by Harru Sateri without a rebound.
5:08 of 1st period - Rourke Chartier wins face-off versus Sam Carrick in Ice Dragons zone.
5:11 of 1st period - Snap shot by Rourke Chartier.
5:11 of 1st period - Stopped by Harru Sateri with a rebound.
5:13 of 1st period - Snap shot by Nicholas Baptiste.
5:13 of 1st period - Shot Blocked by Robin Norell.
5:17 of 1st period - Wrist shot by Sonny Milano.
5:17 of 1st period - Stopped by Harru Sateri with a rebound.
5:19 of 1st period - Slapshot by Simon Despres.
5:19 of 1st period - Stopped by Harru Sateri without a rebound.
5:20 of 1st period - Sam Carrick wins face-off versus Rourke Chartier in Ice Dragons zone.
5:31 of 1st period - Off-side.
5:32 of 1st period - Sam Carrick wins face-off versus Rourke Chartier in neutral zone.
5:37 of 1st period - Slapshot by Emil Pettersson.
5:37 of 1st period - Stopped by Olivier Roy with a rebound.
5:47 of 1st period - Slapshot by Sam Carrick.
5:47 of 1st period - Deflect By Michael Ferland.
5:47 of 1st period - Shot Misses the Net.
5:47 of 1st period - Puck is out of play.
5:48 of 1st period - Nathan Gerbe wins face-off versus William Carrier in Royaux zone.
5:48 of 1st period - Nathan Gerbe is hit by William Carrier.
5:54 of 1st period - William Carrier is hit by Nathan Gerbe and loses puck.
6:13 of 1st period - Michael Ferland is hit by Nicholas Baptiste and loses puck.
8:40 of 1st period - Icing by Danny Kristo.
8:41 of 1st period - Dylan Larkin wins face-off versus Brian Boyle in Royaux zone.
8:56 of 1st period - Marko Dano is hit by Samuel Groulx and loses puck.
9:04 of 1st period - Icing by Marcus Pettersson.
9:05 of 1st period - Corban Knight wins face-off versus Brendan Woods in Royaux zone.
9:08 of 1st period - Wrist shot by Logan MacMillan.
9:08 of 1st period - Deflect By Corban Knight.
9:08 of 1st period - Stopped by Olivier Roy with a rebound.
9:36 of 1st period - Snap shot by Nathan Gerbe.
9:36 of 1st period - Shot Misses the Net.
9:38 of 1st period - Backhand shot by Nathan Gerbe.
9:38 of 1st period - Shot Blocked by Brian Boyle.
9:40 of 1st period - Snap shot by Teuvo Teravainen.
9:40 of 1st period - Shot Misses the Net.
9:50 of 1st period - Robin Norell is hit by Simon Despres and loses puck.
9:57 of 1st period - Slapshot by Dylan Larkin.
9:57 of 1st period - Stopped by Harru Sateri with a rebound.
10:18 of 1st period - Adam Clendening is hit by Phil Oreskovic and loses puck.
10:40 of 1st period - Slapshot by Logan MacMillan.
10:40 of 1st period - Shot Blocked by Ian McCoshen.
10:42 of 1st period - Slapshot by Corban Knight.
10:42 of 1st period - Deflect By Logan MacMillan.
10:42 of 1st period - Stopped by Olivier Roy without a rebound.
10:43 of 1st period - Corban Knight wins face-off versus Dylan Larkin in Royaux zone.
10:52 of 1st period - Slapshot by Corban Knight.
10:52 of 1st period - Stopped by Olivier Roy without a rebound.
10:53 of 1st period - Dylan Larkin wins face-off versus Corban Knight in Royaux zone.
11:04 of 1st period - Snap shot by Dylan Larkin.
11:04 of 1st period - Stopped by Harru Sateri with a rebound.
11:38 of 1st period - Wrist shot by Logan MacMillan.
11:38 of 1st period - Shot Misses the Net.
11:53 of 1st period - Slapshot by Dylan Larkin.
11:53 of 1st period - Stopped by Harru Sateri with a rebound.
13:21 of 1st period - Slapshot by Dylan Larkin.
13:21 of 1st period - Stopped by Harru Sateri without a rebound.
13:22 of 1st period - Brandon Kozun wins face-off versus Nathan Gerbe in Ice Dragons zone.
13:29 of 1st period - Snap shot by Billy Sweat.
13:29 of 1st period - Deflect By Brandon Kozun.
13:29 of 1st period - Shot Blocked by Simon Despres.
13:29 of 1st period - Puck is out of play.
13:30 of 1st period - Brian Boyle wins face-off versus Nathan Gerbe in Royaux zone.
13:37 of 1st period - Snap shot by Nathan Gerbe.
13:37 of 1st period - Stopped by Harru Sateri without a rebound.
13:38 of 1st period - Brendan Woods wins face-off versus Brian Boyle in Ice Dragons zone.
13:41 of 1st period - Slapshot by Anton Slepyshev.
13:41 of 1st period - Stopped by Harru Sateri with a rebound.
13:51 of 1st period - Slapshot by Kevin Connauton.
13:51 of 1st period - Stopped by Olivier Roy with a rebound.
13:53 of 1st period - Slapshot by Brian Boyle.
13:53 of 1st period - Shot Misses the Net.
14:24 of 1st period - Phil Oreskovic is hit by Michael Ferland and loses puck.
14:58 of 1st period - Wrist shot by Ben Hanowski.
14:58 of 1st period - Stopped by Harru Sateri without a rebound.
14:59 of 1st period - Boone Jenner wins face-off versus Nathan Gerbe in Ice Dragons zone.
15:10 of 1st period - Snap shot by Boone Jenner.
15:10 of 1st period - Stopped by Olivier Roy with a rebound.
15:12 of 1st period - Slapshot by Mike Reilly.
15:12 of 1st period - Stopped by Olivier Roy without a rebound.
15:13 of 1st period - Brian Boyle wins face-off versus Brendan Woods in Royaux zone.
15:14 of 1st period - Wrist shot by Billy Sweat.
15:14 of 1st period - Deflect By Brandon Kozun.
15:14 of 1st period - Shot Blocked by Brandon Pirri.
15:14 of 1st period - Puck is out of play.
15:15 of 1st period - Brian Boyle wins face-off versus Brendan Woods in Royaux zone.
15:18 of 1st period - Snap shot by Brian Boyle.
15:18 of 1st period - Stopped by Olivier Roy with a rebound.
15:40 of 1st period - Haydn Fleury is hit by Michael Ferland and loses puck.
16:40 of 1st period - Danny Kristo is hit by Billy Sweat and loses puck.
17:12 of 1st period - Off-side.
17:13 of 1st period - Sam Carrick wins face-off versus Nathan Gerbe in neutral zone.
17:28 of 1st period - Snap shot by Nathan Gerbe.
17:28 of 1st period - Stopped by Harru Sateri with a rebound.
17:34 of 1st period - Minor Penalty to Mike Reilly for Holding Stick.
17:35 of 1st period - Marko Dano wins face-off versus Billy Sweat in Ice Dragons zone.
17:38 of 1st period - Snap shot by Teuvo Teravainen.
17:38 of 1st period - Shot Misses the Net.
17:40 of 1st period - Backhand shot by Marko Dano.
17:40 of 1st period - Shot Misses the Net.
19:34 of 1st period - Penalty to Mike Reilly is over, Mike Reilly is back on ice.
19:42 of 1st period - Off-side.
19:43 of 1st period - Boone Jenner wins face-off versus Rourke Chartier in neutral zone.
Goals for this period are 0 for Ice Dragons vs 0 for Royaux.
Shots for this period are 16 for Ice Dragons vs 13 for Royaux.
2nd period
0:01 of 2nd period - Nathan Gerbe wins face-off versus Brian Boyle in neutral zone.
0:12 of 2nd period - Snap shot by Nathan Gerbe.
0:12 of 2nd period - Stopped by Harru Sateri without a rebound.
0:13 of 2nd period - Brian Boyle wins face-off versus Marko Dano in Ice Dragons zone.
0:38 of 2nd period - Brayden McNabb is hit by Nathan Gerbe and loses puck.
1:07 of 2nd period - Wrist shot by Anton Slepyshev.
1:07 of 2nd period - Stopped by Harru Sateri without a rebound.
1:08 of 2nd period - Boone Jenner wins face-off versus Dylan Larkin in Ice Dragons zone.
1:57 of 2nd period - Slapshot by Teuvo Teravainen.
1:57 of 2nd period - Stopped by Harru Sateri with a rebound.
2:28 of 2nd period - Icing by Haydn Fleury.
2:29 of 2nd period - Brian Boyle wins face-off versus Dylan Larkin in Royaux zone.
2:40 of 2nd period - Snap shot by Marko Dano.
2:40 of 2nd period - Shot Blocked by Robin Norell.
2:42 of 2nd period - Slapshot by Marko Dano.
2:42 of 2nd period - Shot Misses the Net.
2:44 of 2nd period - Slapshot by Haydn Fleury.
2:44 of 2nd period - Goal by Haydn Fleury - Ice Dragons : 0 - Royaux : 1.
2:45 of 2nd period - Brian Boyle wins face-off versus Ben Hanowski in neutral zone.
4:19 of 2nd period - Snap shot by Brian Boyle.
4:19 of 2nd period - Stopped by Olivier Roy without a rebound.
4:20 of 2nd period - Brian Boyle wins face-off versus Nathan Gerbe in Royaux zone.
4:26 of 2nd period - Minor Penalty to Nathan Gerbe for Roughing.
4:27 of 2nd period - Brendan Woods wins face-off versus Brian Boyle in Royaux zone.
4:55 of 2nd period - Icing by Corban Knight.
4:56 of 2nd period - Brendan Woods wins face-off versus Corban Knight in Ice Dragons zone.
4:57 of 2nd period - Snap shot by Danny Kristo.
4:57 of 2nd period - Stopped by Harru Sateri with a rebound.
5:03 of 2nd period - Snap shot by Corban Knight.
5:03 of 2nd period - Deflect By Billy Sweat.
5:03 of 2nd period - Shot Blocked by Gord Baldwin.
5:03 of 2nd period - Puck is out of play.
5:04 of 2nd period - Brian Boyle wins face-off versus Brendan Woods in Royaux zone.
5:52 of 2nd period - Danny Kristo is hit by Boone Jenner and loses puck.
6:11 of 2nd period - Snap shot by Brandon Pirri.
6:11 of 2nd period - Deflect By Teuvo Teravainen.
6:11 of 2nd period - Stopped by Harru Sateri without a rebound.
6:12 of 2nd period - Brandon Pirri wins face-off versus Corban Knight in Ice Dragons zone.
6:26 of 2nd period - Penalty to Nathan Gerbe is over, Nathan Gerbe is back on ice.
7:12 of 2nd period - Rourke Chartier is hit by Billy Sweat and loses puck.
7:23 of 2nd period - Brandon Kozun is hit by Sonny Milano and loses puck.
8:19 of 2nd period - Off-side.
8:20 of 2nd period - Brian Boyle wins face-off versus Dylan Larkin in neutral zone.
8:26 of 2nd period - Minor Penalty to Brandon Kozun for Hooking.
8:27 of 2nd period - Brian Boyle wins face-off versus Marko Dano in Ice Dragons zone.
8:34 of 2nd period - Icing by Simon Despres.
8:35 of 2nd period - Brian Boyle wins face-off versus Marko Dano in Royaux zone.
8:38 of 2nd period - Snap shot by Billy Sweat.
8:38 of 2nd period - Deflect By Teuvo Teravainen.
8:38 of 2nd period - Goal by Billy Sweat - Ice Dragons : 1 - Royaux : 1.
8:39 of 2nd period - Marko Dano wins face-off versus Brian Boyle in neutral zone.
8:44 of 2nd period - Wrist shot by Billy Sweat.
8:44 of 2nd period - Shot Misses the Net.
9:24 of 2nd period - Slapshot by Marko Dano.
9:24 of 2nd period - Shot Blocked by Corban Knight.
9:26 of 2nd period - Slapshot by Marcus Pettersson.
9:26 of 2nd period - Deflect By Teuvo Teravainen.
9:26 of 2nd period - Stopped by Harru Sateri without a rebound.
9:27 of 2nd period - Brian Boyle wins face-off versus Dylan Larkin in Ice Dragons zone.
9:40 of 2nd period - Slapshot by Ben Hanowski.
9:40 of 2nd period - Deflect By Dylan Larkin.
9:40 of 2nd period - Shot Misses the Net.
9:40 of 2nd period - Puck is out of play.
9:41 of 2nd period - Brian Boyle wins face-off versus Dylan Larkin in Ice Dragons zone.
9:50 of 2nd period - Wrist shot by Dylan Larkin.
9:50 of 2nd period - Shot Blocked by Brayden McNabb.
9:52 of 2nd period - Slapshot by Simon Despres.
9:52 of 2nd period - Goal by Simon Despres - Ice Dragons : 1 - Royaux : 2.
9:53 of 2nd period - Nathan Gerbe wins face-off versus Brian Boyle in neutral zone.
10:43 of 2nd period - Slapshot by Simon Despres.
10:43 of 2nd period - Stopped by Harru Sateri without a rebound.
10:44 of 2nd period - Sam Carrick wins face-off versus Brendan Woods in Ice Dragons zone.
10:44 of 2nd period - Sam Carrick is hit by Anton Slepyshev.
10:56 of 2nd period - Sam Carrick is hit by Gord Baldwin.
11:49 of 2nd period - Snap shot by Brandon Pirri.
11:49 of 2nd period - Deflect By Anton Slepyshev.
11:49 of 2nd period - Stopped by Harru Sateri without a rebound.
11:50 of 2nd period - Nathan Gerbe wins face-off versus Brian Boyle in Ice Dragons zone.
12:22 of 2nd period - Snap shot by Marko Dano.
12:22 of 2nd period - Goal by Marko Dano - Ice Dragons : 1 - Royaux : 3.
12:23 of 2nd period - Nathan Gerbe wins face-off versus Brian Boyle in neutral zone.
12:27 of 2nd period - Icing by Brian Boyle.
12:28 of 2nd period - Brian Boyle wins face-off versus Nathan Gerbe in Ice Dragons zone.
12:42 of 2nd period - Wrist shot by Ben Hanowski.
12:42 of 2nd period - Stopped by Harru Sateri with a rebound.
12:44 of 2nd period - Slapshot by Haydn Fleury.
12:44 of 2nd period - Shot Blocked by Brian Boyle.
12:58 of 2nd period - Slapshot by Anton Slepyshev.
12:58 of 2nd period - Stopped by Harru Sateri without a rebound.
12:59 of 2nd period - Corban Knight wins face-off versus Brandon Pirri in Ice Dragons zone.
13:13 of 2nd period - Wrist shot by Logan MacMillan.
13:13 of 2nd period - Shot Misses the Net.
13:15 of 2nd period - Snap shot by Logan MacMillan.
13:15 of 2nd period - Shot Blocked by Gord Baldwin.
13:25 of 2nd period - Boone Jenner is hit by Dylan Larkin and loses puck.
14:16 of 2nd period - Wrist shot by Nicholas Baptiste.
14:16 of 2nd period - Shot Misses the Net.
14:36 of 2nd period - Wrist shot by Corban Knight.
14:36 of 2nd period - Stopped by Olivier Roy with a rebound.
15:52 of 2nd period - Wrist shot by Corban Knight.
15:52 of 2nd period - Shot Blocked by Simon Despres.
16:10 of 2nd period - Chris Wagner is hit by Simon Despres and loses puck.
16:15 of 2nd period - Wrist shot by Dylan Larkin.
16:15 of 2nd period - Deflect By Boone Jenner.
16:15 of 2nd period - Shot Misses the Net.
16:15 of 2nd period - Puck is out of play.
16:16 of 2nd period - Nathan Gerbe wins face-off versus Brian Boyle in Ice Dragons zone.
16:17 of 2nd period - Snap shot by Ben Hanowski.
16:17 of 2nd period - Shot Blocked by Kevin Connauton.
16:19 of 2nd period - Slapshot by Nathan Gerbe.
16:19 of 2nd period - Goal by Nathan Gerbe - Ice Dragons : 1 - Royaux : 4.
16:20 of 2nd period - Dylan Larkin wins face-off versus Brian Boyle in neutral zone.
16:35 of 2nd period - Wrist shot by Marko Dano.
16:35 of 2nd period - Stopped by Harru Sateri with a rebound.
16:50 of 2nd period - Logan MacMillan is hit by Ben Hanowski and loses puck.
17:13 of 2nd period - Mike Reilly is hit by Anton Slepyshev and loses puck.
17:34 of 2nd period - Slapshot by Emil Pettersson.
17:34 of 2nd period - Shot Misses the Net.
17:36 of 2nd period - Snap shot by Robin Norell.
17:36 of 2nd period - Shot Misses the Net.
17:52 of 2nd period - Slapshot by Billy Sweat.
17:52 of 2nd period - Shot Misses the Net.
17:54 of 2nd period - Slapshot by Billy Sweat.
17:54 of 2nd period - Stopped by Olivier Roy without a rebound.
17:55 of 2nd period - Dylan Larkin wins face-off versus Corban Knight in Royaux zone.
18:00 of 2nd period - Slapshot by Simon Despres.
18:00 of 2nd period - Stopped by Harru Sateri with a rebound.
18:06 of 2nd period - Snap shot by Logan MacMillan.
18:06 of 2nd period - Stopped by Olivier Roy without a rebound.
18:07 of 2nd period - Nathan Gerbe wins face-off versus Billy Sweat in Royaux zone.
18:20 of 2nd period - Backhand shot by Teuvo Teravainen.
18:20 of 2nd period - Stopped by Harru Sateri with a rebound.
18:32 of 2nd period - Corban Knight is hit by Danny Kristo and loses puck.
18:39 of 2nd period - Snap shot by Dylan Larkin.
18:39 of 2nd period - Shot Misses the Net.
18:41 of 2nd period - Snap shot by Danny Kristo.
18:41 of 2nd period - Deflect By Dylan Larkin.
18:41 of 2nd period - Shot Misses the Net.
18:41 of 2nd period - Puck is out of play.
18:42 of 2nd period - Brian Boyle wins face-off versus Nathan Gerbe in Ice Dragons zone.
18:42 of 2nd period - Brian Boyle is hit by Nathan Gerbe.
18:50 of 2nd period - Slapshot by Mike Reilly.
18:50 of 2nd period - Shot Misses the Net.
18:52 of 2nd period - Slapshot by Samuel Groulx.
18:52 of 2nd period - Shot Misses the Net.
19:29 of 2nd period - Minor Penalty to Nathan Gerbe for High sticking.
19:30 of 2nd period - Brian Boyle wins face-off versus Brendan Woods in Royaux zone.
19:31 of 2nd period - Wrist shot by Boone Jenner.
19:31 of 2nd period - Shot Misses the Net.
Goals for this period are 1 for Ice Dragons vs 4 for Royaux.
Shots for this period are 5 for Ice Dragons vs 17 for Royaux.
3rd period
0:01 of 3rd period - Brendan Woods wins face-off versus Brian Boyle in neutral zone.
0:10 of 3rd period - Danny Kristo is hit by Boone Jenner and loses puck.
1:27 of 3rd period - Icing by Logan MacMillan.
1:28 of 3rd period - Brian Boyle wins face-off versus Brandon Pirri in Ice Dragons zone.
1:29 of 3rd period - Penalty to Nathan Gerbe is over, Nathan Gerbe is back on ice.
1:43 of 3rd period - Snap shot by Rourke Chartier.
1:43 of 3rd period - Stopped by Harru Sateri with a rebound.
1:45 of 3rd period - Slapshot by Sonny Milano.
1:45 of 3rd period - Shot Misses the Net.
1:47 of 3rd period - Wrist shot by Nicholas Baptiste.
1:47 of 3rd period - Shot Blocked by Michael Ferland.
2:27 of 3rd period - Gord Baldwin is hit by Brandon Kozun and loses puck.
2:42 of 3rd period - Wrist shot by Boone Jenner.
2:42 of 3rd period - Stopped by Olivier Roy without a rebound.
2:43 of 3rd period - Boone Jenner wins face-off versus Brendan Woods in Royaux zone.
2:44 of 3rd period - Snap shot by William Carrier.
2:44 of 3rd period - Stopped by Olivier Roy with a rebound.
3:15 of 3rd period - Icing by Justin Shugg.
3:16 of 3rd period - Dylan Larkin wins face-off versus Corban Knight in Ice Dragons zone.
3:27 of 3rd period - Wrist shot by Marko Dano.
3:27 of 3rd period - Shot Misses the Net.
3:29 of 3rd period - Slapshot by Haydn Fleury.
3:29 of 3rd period - Shot Blocked by Adam Clendening.
3:31 of 3rd period - Slapshot by Haydn Fleury.
3:31 of 3rd period - Stopped by Harru Sateri with a rebound.
4:22 of 3rd period - Wrist shot by Sam Carrick.
4:22 of 3rd period - Shot Misses the Net.
4:28 of 3rd period - Slapshot by Sam Carrick.
4:28 of 3rd period - Stopped by Olivier Roy with a rebound.
4:35 of 3rd period - Minor Penalty to Nicholas Baptiste for Tripping.
4:36 of 3rd period - Brian Boyle wins face-off versus Brendan Woods in Royaux zone.
5:06 of 3rd period - Wrist shot by Billy Sweat.
5:06 of 3rd period - Shot Misses the Net.
5:08 of 3rd period - Slapshot by Kevin Connauton.
5:08 of 3rd period - Shot Blocked by Gord Baldwin.
5:10 of 3rd period - Slapshot by Brayden McNabb.
5:10 of 3rd period - Stopped by Olivier Roy with a rebound.
5:12 of 3rd period - Slapshot by Brayden McNabb.
5:12 of 3rd period - Shot Blocked by Gord Baldwin.
5:14 of 3rd period - Slapshot by Brayden McNabb.
5:14 of 3rd period - Deflect By Logan MacMillan.
5:14 of 3rd period - Shot Misses the Net.
5:14 of 3rd period - Puck is out of play.
5:15 of 3rd period - Corban Knight wins face-off versus Brendan Woods in Royaux zone.
6:35 of 3rd period - Penalty to Nicholas Baptiste is over, Nicholas Baptiste is back on ice.
6:36 of 3rd period - Icing by Danny Kristo.
6:37 of 3rd period - Brendan Woods wins face-off versus Brian Boyle in Royaux zone.
6:48 of 3rd period - Brayden McNabb is hit by Teuvo Teravainen and loses puck.
7:09 of 3rd period - Snap shot by Nicholas Baptiste.
7:09 of 3rd period - Stopped by Harru Sateri with a rebound.
7:11 of 3rd period - Wrist shot by Rourke Chartier.
7:11 of 3rd period - Shot Blocked by Boone Jenner.
7:13 of 3rd period - Snap shot by Sonny Milano.
7:13 of 3rd period - Goal by Sonny Milano - Ice Dragons : 1 - Royaux : 5.
7:14 of 3rd period - Corban Knight wins face-off versus Dylan Larkin in neutral zone.
7:39 of 3rd period - Kevin Connauton is hit by Nathan Gerbe and loses puck.
8:22 of 3rd period - Brian Boyle is hit by Rourke Chartier and loses puck.
8:29 of 3rd period - Snap shot by Nicholas Baptiste.
8:29 of 3rd period - Shot Blocked by Brayden McNabb.
8:44 of 3rd period - Mirco Mueller is hit by Kevin Connauton.
9:14 of 3rd period - Rourke Chartier is hit by Billy Sweat and loses puck.
9:31 of 3rd period - Snap shot by Brandon Kozun.
9:31 of 3rd period - Deflect By Billy Sweat.
9:31 of 3rd period - Shot Misses the Net.
9:31 of 3rd period - Puck is out of play.
9:32 of 3rd period - Corban Knight wins face-off versus Dylan Larkin in Royaux zone.
9:54 of 3rd period - Minor Penalty to Justin Shugg for Hooking.
9:55 of 3rd period - Marko Dano wins face-off versus Corban Knight in Ice Dragons zone.
10:20 of 3rd period - Samuel Groulx is hit by Anton Slepyshev and loses puck.
11:54 of 3rd period - Penalty to Justin Shugg is over, Justin Shugg is back on ice.
12:22 of 3rd period - Snap shot by Nathan Gerbe.
12:22 of 3rd period - Stopped by Harru Sateri with a rebound.
12:24 of 3rd period - Slapshot by Simon Despres.
12:24 of 3rd period - Shot Misses the Net.
12:26 of 3rd period - Slapshot by Simon Despres.
12:26 of 3rd period - Stopped by Harru Sateri with a rebound.
12:28 of 3rd period - Slapshot by Haydn Fleury.
12:28 of 3rd period - Stopped by Harru Sateri without a rebound.
12:29 of 3rd period - Boone Jenner wins face-off versus Rourke Chartier in Ice Dragons zone.
12:34 of 3rd period - Nicholas Baptiste is hit by Boone Jenner and loses puck.
12:39 of 3rd period - Backhand shot by Boone Jenner.
12:39 of 3rd period - Stopped by Olivier Roy without a rebound.
12:40 of 3rd period - Brian Boyle wins face-off versus Dylan Larkin in Royaux zone.
13:12 of 3rd period - Snap shot by Boone Jenner.
13:12 of 3rd period - Stopped by Olivier Roy without a rebound.
13:13 of 3rd period - Corban Knight wins face-off versus Dylan Larkin in Royaux zone.
13:15 of 3rd period - Minor Penalty to Simon Despres for Hooking.
13:16 of 3rd period - Brian Boyle wins face-off versus Brendan Woods in Royaux zone.
13:26 of 3rd period - Slapshot by Brayden McNabb.
13:26 of 3rd period - Stopped by Olivier Roy without a rebound.
13:27 of 3rd period - Brian Boyle wins face-off versus Brendan Woods in Royaux zone.
13:30 of 3rd period - Snap shot by Brandon Kozun.
13:30 of 3rd period - Stopped by Olivier Roy with a rebound.
13:32 of 3rd period - Slapshot by Brian Boyle.
13:32 of 3rd period - Goal by Brian Boyle - Ice Dragons : 2 - Royaux : 5.
13:33 of 3rd period - Brian Boyle wins face-off versus Danny Kristo in neutral zone.
14:21 of 3rd period - Minor Penalty to Marcus Pettersson for Hooking.
14:22 of 3rd period - Corban Knight wins face-off versus Brendan Woods in Royaux zone.
16:21 of 3rd period - Penalty to Marcus Pettersson is over, Marcus Pettersson is back on ice.
17:51 of 3rd period - Snap shot by Sonny Milano.
17:51 of 3rd period - Shot Misses the Net.
17:53 of 3rd period - Slapshot by Petter Granberg.
17:53 of 3rd period - Shot Misses the Net.
18:15 of 3rd period - Logan MacMillan is hit by Brendan Woods.
19:01 of 3rd period - Billy Sweat is hit by Brandon Pirri and loses puck.
Goals for this period are 1 for Ice Dragons vs 1 for Royaux.
Shots for this period are 9 for Ice Dragons vs 7 for Royaux.
Back to the Top